 Dungeon Crawl Stone Soup version 0.32-a0-900-g30fb1b0edc (webtiles) character file.

Game seed: 4159306635939972672

642 Katthuttu the Slasher (level 7, -6/61 HPs)
             Began as a Minotaur Fighter on Apr 5, 2024.
             Was a Follower of Okawaru.
             Mangled by Duvessa
             ... wielding a +0 rapier
              (16 damage)
             ... on level 4 of the Dungeon.
             The game lasted 00:34:25 (4013 turns).

Katthuttu the Slasher (Minotaur Fighter)            Turns: 4013, Time: 00:34:25

Health: -6/61      AC: 12    Str: 22    XL:     7   Next: 26%
Magic:  6/6        EV:  8    Int:  1    God:    Okawaru [*.....]
Gold:   155        SH:  5    Dex: 15    Spells: 6/6 levels left

rFire   + . .        a - +0 long sword
rCold   + . .        c - +0 buckler
rNeg    . . .        j - +0 scale mail {rC+}
rPois   +            (helmet restricted)
rElec   +            (no cloak)
rCorr   .            s - +0 pair of gloves
SInv    .            (no boots)
Will    .....        (no amulet) Stlth
                     z - ring of protection from fire
HPRegen 0.30/turn    C - ring of Niajug {rElec rPois AC+4 Int-4 Dex+5}
MPRegen 0.10/turn

%: no passive effects
@: weak-willed
A: horns 2, retaliatory headbutt
a: Renounce Religion, Heroism


You were on level 4 of the Dungeon.
You worshipped Okawaru.
Okawaru was aware of your devotion.
You visited 1 branch of the dungeon, and saw 6 of its levels.

You collected 155 gold pieces.

Inventory:

Hand Weapons
 a - a +0 long sword (weapon)
 k - a +0 spear
 o - a +2 short sword of protection
 r - a +0 sling
 w - a +0 flail
Armour
 b - a +0 scale mail
 c - a +0 buckler (worn)
 j - a +0 scale mail of cold resistance (worn)
 p - a +0 leather armour
 s - a +0 pair of gloves (worn)
 x - a +0 ring mail
Jewellery
 z - a ring of protection from fire (left hand)
 C - the ring of Niajug (right hand) {rElec rPois AC+4 Int-4 Dex+5}
   (You found it on level 2 of the Dungeon)

   [ring of protection]

   AC+4:      It affects your AC (+4).
   Int-4:     It affects your intelligence (-4).
   Dex+5:     It affects your dexterity (+5).
   rElec:     It insulates you from electricity.
   rPois:     It protects you from poison.
Talismans
 A - a storm talisman
Wands
 t - a wand of flame (20)
 u - a wand of paralysis (8)
Scrolls
 e - a scroll of fog {unknown}
 f - a scroll of immolation {unknown}
 g - 2 scrolls of fear
 m - a scroll of enchant armour {unknown}
 v - a scroll of blinking {unknown}
 y - a scroll of amnesia
 B - a scroll of teleportation {unknown}
Potions
 d - a potion of might
 h - 3 potions of curing
 i - a potion of heal wounds {unknown}
 l - 2 potions of invisibility
 n - a potion of magic {unknown}


   Skills:
 * Level 5.5 Fighting
 * Level 6.9 Long Blades
 * Level 2.2 Throwing
 + Level 5.2 Armour
 + Level 4.4 Shields


You had 6 spell levels left.
You didn't know any spells.
Your spell library contained the following spells:

 Spells                   Type           Power      Damage    Failure   Level
 Apportation              Tloc           0%         N/A       91%         1
 Jinxbite                 Hex            0%         N/A       97%         2
 Alistair's Intoxication  Alch           0%         N/A       100%        5


Dungeon Overview and Level Annotations

Branches:
Dungeon (6/15)
 Temple: D:4-7

Altars:
Hepliaklqana
Okawaru
Trog

Shops:
D:3 [

Annotations:
D:4 Duvessa
D:5 Prince Ribbit


Innate Abilities, Weirdness & Mutations

You have a pair of horns on your head.
You reflexively headbutt those who attack you in melee.


Message History

You continue putting on your +0 scale mail of cold resistance.
You finish putting on your +0 scale mail of cold resistance.
You feel resistant to cold.
h - 5 potions of curing (gained 2)
n - a clear potion
There is a stone staircase leading up here.
Duvessa shouts!
Duvessa goes berserk!
You block Duvessa's attack. Duvessa attacks as she pursues you!
Duvessa hits you but does no damage. Duvessa hits you with a +0 rapier!
Duvessa attacks as she pursues you! Duvessa hits you with a +0 rapier!
Duvessa hits you with a +0 rapier. Duvessa hits you with a +0 rapier.
Duvessa attacks as she pursues you! Duvessa completely misses you.
You hit Duvessa but do no damage. You headbutt Duvessa, but do no damage.
Duvessa hits you with a +0 rapier! Duvessa hits you with a +0 rapier!!
* * * LOW HITPOINT WARNING * * *
As you read the scroll labelled MOEKHL TOIMM, it crumbles to dust.
A wave of despondency washes over your surroundings.
It was a scroll of vulnerability.
Duvessa hits you but does no damage.
You feel better. Duvessa hits you with a +0 rapier!
* * * LOW HITPOINT WARNING * * *
Duvessa barely misses you.
You feel better. You block Duvessa's attack.
Duvessa attacks as she pursues you! You block Duvessa's attack. x2
Duvessa rages.
Duvessa completely misses you. You furiously retaliate!
You headbutt Duvessa! Duvessa closely misses you.
Duvessa attacks as she pursues you! Duvessa hits you but does no damage.
Duvessa rages.
Duvessa attacks as she pursues you! You block Duvessa's attack.
Duvessa hits you with a +0 rapier.
* * * LOW HITPOINT WARNING * * *
Duvessa attacks as she pursues you! Duvessa barely misses you.
Duvessa barely misses you. You block Duvessa's attack.
Duvessa attacks as she pursues you! Duvessa hits you but does no damage.
Duvessa hits you with a +0 rapier!
You die...

## ##.........##
#..... #
#...........##
#.....
#####...........##
##....
.................#
#....
.#######.........#
#.... ##
###.......# ##...
###....## ########
##..
####e####......##
#..
##@.#.....)..##
##.
##...........## #.
##...........###.
#............##..
#................
#................
##...............
# ##..............
##
##...............


You could see Duvessa (berserk, weak-willed).

Vanquished Creatures
  Sigmund (D:2)
  Edmund (D:4)
  A scorpion (D:4)
  Dowan (D:4)
  Jessica (D:2)
  Terence (D:2)
  Natasha (thrice) (D:2)
  Robin (D:4)
  4 adders
  A ribbon worm (D:2)
  A dart slug (D:2)
  4 orcs
  6 endoplasms
  2 giant cockroaches
  8 hobgoblins
  3 quokkas
  3 ball pythons
  9 bats
  4 frilled lizards
  13 goblins
  10 kobolds
  3 rats
81 creatures vanquished.

Notes
Turn   | Place    | Note
-------+----------+-------------------------------------------
     0 | D:1      | Katthuttu the Minotaur Fighter began the quest for the Orb.
     0 | D:1      | Reached XP level 1. HP: 19/19 MP: 0/0
   220 | D:1      | Reached XP level 2. HP: 27/27 MP: 1/1
  1123 | D:2      | Reached skill level 3 in Long Blades
  1127 | D:2      | Reached XP level 3. HP: 32/33 MP: 2/2
  1153 | D:2      | Noticed Jessica
  1258 | D:2      | Noticed Sigmund
  1259 | D:2      | Noticed Natasha
  1354 | D:2      | Noticed Terence
  1367 | D:2      | Killed Terence
  1611 | D:3      | Found Wyujumat's Antique Armour Emporium.
  1778 | D:2      | Reached XP level 4. HP: 40/41 MP: 3/3
  1813 | D:2      | Identified the ring of Niajug {rElec rPois AC+4 Int-4
                  | Dex+5}
  1866 | D:2      | Killed Natasha
  1867 | D:2      | Reached skill level 4 in Long Blades
  1925 | D:3      | Found a faded altar of an unknown god.
  1925 | D:3      | Found an iron altar of Okawaru.
  1932 | D:3      | Found a bloodstained altar of Trog.
  1934 | D:3      | Found a faded altar of an unknown god.
  1936 | D:3      | Found a hazy altar of Hepliaklqana.
  2014 | D:3      | Became a worshipper of Warmaster Okawaru
  2324 | D:4      | Noticed Edmund
  2430 | D:3      | Reached XP level 5. HP: 47/47 MP: 4/4
  2725 | D:2      | Noticed Natasha
  2733 | D:2      | Killed Natasha
  2854 | D:2      | Killed Sigmund
  2855 | D:2      | Reached skill level 5 in Fighting
  2855 | D:2      | Reached skill level 5 in Long Blades
  2855 | D:2      | Reached skill level 1 in Throwing
  2855 | D:2      | Reached XP level 6. HP: 38/56 MP: 5/5
  2862 | D:2      | Noticed Natasha
  2871 | D:2      | Killed Natasha
  2957 | D:2      | Killed Jessica
  3281 | D:4      | Noticed Robin
  3285 | D:4      | Noticed Duvessa
  3289 | D:4      | Noticed Dowan
  3323 | D:4      | Killed Robin
  3325 | D:4      | Reached * piety under Okawaru
  3493 | D:4      | Killed Dowan
  3494 | D:4      | Reached skill level 6 in Long Blades
  3499 | D:5      | Entered Level 5 of the Dungeon
  3707 | D:4      | Reached skill level 5 in Armour
  3724 | D:5      | Noticed Prince Ribbit
  3739 | D:4      | Reached XP level 7. HP: 61/61 MP: 6/6
  3759 | D:4      | Killed Edmund
  4001 | D:4      | HP: 3/61 [Duvessa/+0 rapier (10)]
  4013 | D:4      | Mangled by Duvessa

Illustrated notes

Levels and vault maps discovered:
D:1:      dpeg_arrival_boxes_within_box, layout_basic, serial_co_window_serial,
          co_window_paths_a, co_window_paths_b, co_window_of_opportunity_a,
          co_window_of_opportunity_a, co_window_paths_a, co_window_broadway_a,
          co_window_cross_3, co_window_corner_b, co_window_corner_b,
          co_window_unsneaky_path_b, co_window_cross_2, glass_columns_b,
          glass_columns_a, glass_columns_a, glass_columns_b, glass_columns_c
D:2:      layout_basic, uniq_jessica, uniq_terence, uniq_sigmund, uniq_natasha
D:3:      layout_loops_corners, chequers_temple_overflow_minitemple,
          serial_shops, shop
D:4:      layout_cave_pods, uniq_edmund, uniq_robin, uniq_duvessa
D:5:      layout_rooms, minmay_temple_entry_antechambers,
          serial_co_window_serial, co_window_cross_1, co_window_paths_a,
          co_window_corner_a, co_window_of_opportunity_a, co_window_corner_a,
          co_window_unsneaky_path_d, co_window_of_opportunity_b,
          co_window_corner_b, co_window_2corner, co_window_paths_d,
          glass_columns_a, glass_columns_a, glass_columns_a,
          minmay_misc_feat_square, uniq_eustachio, uniq_prince_ribbit1
D:6:      layout_cave_pools, amcnicky_altar_gilded, uniq_menkaure

Skill      XL: |  1  2  3  4  5  6 |
---------------+-------------------+-----
Fighting       | 4 5 |  5.5
Long Blades    | 3 4 5 6 |  6.9
Armour         | 4 5 |  5.2
Shields        | 4 |  4.4
Throwing       | 1 2 |  2.2

Action                     |  1- 3 |  4- 6 |  7- 9 || total
---------------------------+-------+-------+-------++-------
  Melee: Long sword        |    77 |   122 |    15 ||   214
         Headbutt          |    15 |    18 |     5 ||    38
  Throw: Stone             |     9 |     7 |       ||    16
  Evoke: Wand              |       |       |     3 ||     3
    Use: Scroll            |       |     4 |     1 ||     5
         Potion            |       |       |     2 ||     2
   Stab: Fleeing           |       |     1 |       ||     1
 Armour: Scale mail        |    29 |       |    13 ||    42
         Ring mail         |    14 |   109 |     7 ||   130
  Dodge: Dodged            |    33 |    52 |    11 ||    96
  Block: Buckler           |    15 |    37 |     8 ||    60

Table legend: (Time is in decaauts)
 A = Elapsed time spent in this place.
 B = Non-inter-level travel time spent in this place.
 C = Inter-level travel time spent in this place.
 D = Time resting spent in this place.
 E = Time spent auto-exploring this place.
 F = Levels seen in this place.
 G = Mean time per level.
                   A        B        C        D        E       F      G
               +--------+--------+--------+--------+--------+-----+--------+
         Total |   4076 |   3636 |    440 |    201 |   2427 |   6 |  679.3 |
       Dungeon |   4076 |   3636 |    440 |    201 |   2427 |   6 |  679.3 |
               +--------+--------+--------+--------+--------+-----+--------+

Top non-repeatable levels by time:
     D:1: 1123 daAuts
     D:3: 1119 daAuts
     D:4: 1026 daAuts
     D:2: 795 daAuts
     D:5: 9 daAuts
     D:6: 1 daAuts
